[Event "*** Titled Tuesday 3|2 Blitz (Early)"]
[Site "Chess.com"]
[Date "2016.11.01"]
[Round "1"]
[White "KestutisLabeckas"]
[Black "Andrejkin"]
[Result "1-0"]
[WhiteElo "2504"]
[BlackElo "2155"]
[TimeControl "180+2"]
[EndTime "11:07:49 PDT"]
[Termination "KestutisLabeckas won by checkmate"]

1. d4 Nf6 2. Bg5 e6 3. e4 h6 4. Bxf6 Qxf6 5. Qd2 d5 6. Nc3 Bb4 7. e5 Qd8 8. a3 Bxc3 9. Qxc3 Nd7 10. f4 b6 11. Qg3 O-O 12. Nf3 c5 13. c3 c4 14.
Be2 b5 15. Qh3 a5 16. g4 Re8 17. g5 hxg5 18. Nxg5 Nf8 19. Rg1 Ra7 20. Qg4 g6 21. h4 f6 22. Nf3 f5 23. Qh3 Rh7 24. h5 Bd7 25. h6 Kh8 26. Kf2 Rhe7 27. Rg2 Rh7 28.
Rag1 Qe7 29. Ng5 Rf7 30. Rh2 Rh7 31. Qh4 Bc8 32. Nxh7 Nxh7 33. Qxe7 Rxe7 34. Rxg6 Re8 35. Rhg2 Bd7 36. Rg7 Bc6 37. Bh5 Rd8 38. Rc7 Ba8 39. Rgg7 Nf8 40. h7 Rb8 41. Rg8# 1-0

[Event "*** Titled Tuesday 3|2 Blitz (Early)"]
[Site "Chess.com"]
[Date "2016.11.01"]
[Round "1"]
[White "bilelou"]
[Black "psv98"]
[Result "0-1"]
[WhiteElo "2356"]
[BlackElo "2621"]
[TimeControl "180+2"]
[EndTime "11:07:51 PDT"]
[Termination "psv98 won by resignation"]

1. d4 Nf6 2. c4 e6 3. Nf3 b6 4. g3 Ba6 5. Bg2 Bxc4 6. Nc3 c6 7. Bg5 Be7 8. Rc1 d5 9. Ne5 Ba6 10. O-O O-O 11. Re1 Nfd7 12. Bxe7 Qxe7 13. Nxd7 Nxd7 14. e4 Qb4 15. Qg4 Nf6 16. Qg5 h6 17. Qd2 Rad8 18. a3 Qe7 19. Qd1 Bb7 20. Qa4 Ba8 21. exd5 Nxd5 22.
Bxd5 cxd5 23. Nb5 Rd7 24. Rc2 Rfd8 25. Rec1 e5 26. Rc7 exd4 27. Qxa7 Rxc7 28. Rxc7 Qe1+ 29.
Kg2 Qe4+ 30. Kg1 d3 31. Re7 d2 32. Nc3 Qf3 33. Qxb6 d1=Q+ 34. Nxd1 Qxd1+ 35. Kg2 d4+ 0-1

[Event "*** Titled Tuesday 3|2 Blitz (Early)"]
[Site "Chess.com"]
[Date "2016.11.01"]
[Round "1"]
[White "joppie2"]
[Black "darsen_sanzhaev"]
[Result "1-0"]
[WhiteElo "2555"]
[BlackElo "2257"]
[TimeControl "180+2"]
[EndTime "11:07:51 PDT"]
[Termination "joppie2 won on time"]

1. e4 c5 2. Nf3 Nc6 3. Bb5 g6 4.
Bxc6 bxc6 5. O-O Bg7 6. Re1 Nh6 7. c3 f6 8. d4 cxd4 9. cxd4 Nf7 10. h3 d6 11. Nc3 O-O 12. b3 e5 13. Bb2 Qb6 14. Rc1 Ba6 15. Ba3 Rfd8 16. Na4 Qb5 17. Nb2 Qa5 18. Nc4 Bxc4 19. Rxc4 Qxa3 20. Ra4 Qb2 21. Re2 Qc3 22. Rc2 exd4 23. Nxd4 Qc5 24. Nxc6 Qb6 25. Nxd8 Rxd8 26. Qd5 Kf8 27. Rac4 Ne5 28.
Rc8 Ke7 29. R2c7+ Nd7 30. Rxd8 Kxd8 31. Rb7 Qc5 32. Qg8+ Bf8 33. g3 Qc1+ 34. Kg2 Qc6 35. Rb4 a5 36. Rc4 Qb7 37. Qxh7 d5 38. exd5 Qxd5+ 39. Kh2 Qf5 40. Rf4 Qe5 41. Qxg6 Bc5 42. Qe4 Qd6 43.
h4 Ne5 44. h5 Qf8 45. Qa8+ Ke7 46. Qxf8+ Kxf8 47. Rxf6+ 1-0

[Event "*** Titled Tuesday 3|2 Blitz (Early)"]
[Site "Chess.com"]
[Date "2016.11.01"]
[Round "1"]
[White "Zaven_ChessMood"]
[Black "Saitama_Hero"]
[Result "1-0"]
[WhiteElo "2516"]
[BlackElo "2108"]
[TimeControl "180+2"]
[EndTime "11:07:51 PDT"]
[Termination "Zaven_ChessMood won by resignation"]

1. e4 d6 2. d4 g6 3. Nc3 Bg7 4. f4 Nf6 5. Nf3 O-O 6. Bd3 Na6 7.
O-O c5 8. d5 Bg4 9. a3 Rb8 10.
h3 Bxf3 11. Qxf3 Nd7 12. Be3 Nc7 13. a4 Na6 14. Rae1 Nb4 15. Kh1 c4 16. Bxc4 Nxc2 17. Re2 Nxe3 18. Rxe3 Qb6 19. b3 Rbc8 20. Qg3 Nc5 21. e5 Nxb3 22. Bxb3 Qxb3 23. Rb1 Qc2 24. Rxb7 dxe5 25. fxe5 e6 26. d6 Qc1+ 27. Kh2 Bh6 28. Rf3 Rc4 29. Rc7 Rf4 30. Ne2 Rxf3 31. Nxc1 Rxg3 32.
Kxg3 Be3 33. Nd3 Bb6 34. Rc6 f6 35. exf6 Kf7 36. Ne5+ Kg8 37. f7+ Kg7 38. d7 Kf6 39.
Rc8 Bd8 40. Nc6 Be7 41. Nxe7 1-0

[Event "*** Titled Tuesday 3|2 Blitz (Early)"]
[Site "Chess.com"]
[Date "2016.11.01"]
[Round "1"]
[White "Haridaskesavan"]
[Black "fastestmindalive"]
[Result "0-1"]
[WhiteElo "2110"]
[BlackElo "2502"]
[TimeControl "180+2"]
[EndTime "11:07:54 PDT"]
[Termination "fastestmindalive won by resignation"]

1. e4 c5 2. c3 g6 3. d4 cxd4 4. cxd4 d5 5. exd5 Nf6 6. Bb5+ Nbd7 7. Nc3 Bg7 8. Nf3 O-O 9. Ba4 Nb6 10. Bb3 Nfxd5 11. O-O Bf5 12. Ne5 Rc8 13. Bd2 a6 14.
Rc1 Qd6 15. Qf3 Be6 16. Rcd1 Nxc3 17. bxc3 Nd5 18. c4 Nf6 19. Bf4 Qb4 20. d5 Bf5 21.
Rfe1 a5 22. g4 Bd7 23. g5 Bf5 24. gxf6 Bxf6 25. Ng4 Bxg4 26. Qxg4 a4 27. Bc2 Rxc4 28. Qe2 Rxf4 29. Be4 Bc3 30. Rb1 Qd4 31. d6 exd6 32. Rbd1 Qe5 33. f3 Bxe1 0-1

[Event "*** Titled Tuesday 3|2 Blitz (Early)"]
[Site "Chess.com"]
[Date "2016.11.01"]
[Round "1"]
[White "Kawhi_Leonard2"]
[Black "amaidel"]
[Result "0-1"]
[WhiteElo "2057"]
[BlackElo "2479"]
[TimeControl "180+2"]
[EndTime "11:07:55 PDT"]
[Termination "amaidel won by resignation"]

1. e4 e6 2. d4 d5 3. Nd2 Be7 4.
Ngf3 Nf6 5. e5 Nfd7 6. Bd3 c5 7. c3 Nc6 8. O-O O-O 9. Re1 b6 10. Nf1 a5 11. Ng3 Ba6 12. Bb1 cxd4 13. cxd4 Rc8 14.
Qc2 g6 15. Qd2 Re8 16. Qh6 Bf8 17. Qh3 Nb4 18. Bg5 Qc7 19. Bh6 Bd3 20. Ng5 Be7 21. Nxe6 fxe6 22. Qxe6+ Kh8 23. a3 Bg5 24. Qh3 Bxh6 25.
Qxh6 Bxb1 26. axb4 Bd3 27. bxa5 bxa5 28. h4 Nf8 29. h5 Ne6 30. hxg6 Bxg6 31. Rec1 Qb6 32. Rxc8 Rxc8 33. Qd2 Qxd4 34. Qxd4 Nxd4 35. Rxa5 Rd8 36.
f4 Nf5 37. Nxf5 Bxf5 38. Kf2 d4 39. Ke1 d3 40. Kd2 Rg8 0-1

[Event "*** Titled Tuesday 3|2 Blitz (Early)"]
[Site "Chess.com"]
[Date "2016.11.01"]
[Round "1"]
[White "swayamsm"]
[Black "ulises2013"]
[Result "1-0"]
[WhiteElo "2597"]
[BlackElo "2273"]
[TimeControl "180+2"]
[EndTime "11:07:57 PDT"]
[Termination "swayamsm won by resignation"]

1. d4 Nf6 2. c4 Nc6 3. Nc3 e5 4. d5 Ne7 5. g3 Ng6 6. Bg2 a6 7.
e3 Bb4 8. Ne2 d6 9. Qa4+ Bd7 10.
Qxb4 O-O 11. O-O Re8 12. Qb3 e4 13. Qc2 Re5 14. Nxe4 Bf5 15. Nxf6+ Qxf6 16. Qc3 Qd8 17. Nf4 Qd7 18. Nxg6 hxg6 19. b3 Bh3 20. Bb2 f6 21. Qc2 Bxg2 22. Kxg2 Rh5 23. h4 g5 24. Qe2 Rh6 25.
Rh1 g4 26. Rad1 Kf7 27. Rd4 f5 28. e4 c5 29. dxc6 Qxc6 30. Rd5 Kg8 31. exf5 Re8 32. Qxg4 Re7 33. f6 Rf7 34. fxg7 b5 35. Rd1 bxc4 36.
Qxc4 Qb6 37. Qc8+ 1-0

[Event "*** Titled Tuesday 3|2 Blitz (Early)"]
[Site "Chess.com"]
[Date "2016.11.01"]
[Round "1"]
[White "Blitzstream"]
[Black "popov_m"]
[Result "1-0"]
[WhiteElo "2544"]
[BlackElo "2238"]
[TimeControl "180+2"]
[EndTime "11:08:07 PDT"]
[Termination "Blitzstream won by resignation"]

1. d4 Nf6 2. Bg5 Ne4 3. Bh4 c5 4. f3 Nd6 5. dxc5 Qa5+ 6. c3 Qxc5 7. e4 g6 8. Bf2 Qa5 9. Bd3 Bg7 10. Ne2 Nc6 11.
O-O O-O 12. Nd2 f5 13. Nc4 Nxc4 14. Bxc4+ Kh8 15. exf5 Qxf5 16. Ng3 Qa5 17. Ne4 d6 18. Qd2 Ne5 19. Bb3 Rxf3 20. Ng5 Rf5 21. Bd4 Bd7 22. Rxf5 Bxf5 23. Bxe5 Bxe5 24. Nf7+ Kg7 25. Qh6+ Kf6 26. Qg5+ Kg7 27. Rf1 Qc5+ 28. Kh1 h5 29. Rxf5 Bf6 30. Qh6+ 1-0

[Event "*** Titled Tuesday 3|2 Blitz (Early)"]
[Site "Chess.com"]
[Date "2016.11.01"]
[Round "1"]
[White "Frolyanov_D"]
[Black "FairChess_on_YouTube"]
[Result "0-1"]
[WhiteElo "2422"]
[BlackElo "2708"]
[TimeControl "180+2"]
[EndTime "11:08:13 PDT"]
[Termination "FairChess_on_YouTube won by resignation"]

1. e4 g6 2. d4 Bg7 3. Nc3 c6 4. f4 d5 5. e5 h5 6. Be3 Nh6 7. Nf3 Bg4 8. h3 Bxf3 9. Qxf3 Nf5 10. Bf2 h4 11. O-O-O e6 12. Bd3 Na6 13. Kb1 Nc7 14. Ne2 Bf8 15. g4 hxg3 16. Nxg3 Nh4 17. Qg4 Be7 18.
Ne2 Qd7 19. Ng1 O-O-O 20. Nf3 Nxf3 21. Qxf3 Bh4 22. Be3 Kb8 23. Bd2 Rh7 24. Rh2 Rdh8 25. Bf1 Ne8 26. Bb4 Be7 27. Be1 Ng7 28. Rhd2 Nf5 29.
Bf2 Bh4 30. Bg1 Bg3 31. Bh2 Bxh2 32. Rxh2 Rh4 33. Rf2 Qe7 34. Qb3 g5 35. fxg5 Nxd4 36. Qg3 Nf5 37. Qh2 Qxg5 38. a3 Qe3 39. Re2 Qf4 40.
Qg1 Qg3 41. Qc5 Rf4 42. Rg2 Qf3 43. Rgd2 Qe3 44. Qa5 Qxe5 45. Rd3 Ne3 46. Re1 Qxb2+ 47. Kxb2 Nc4+ 48. Ka2 Nxa5 49. Rg3 Nc4 50. Bxc4 Rxc4 51. Kb2 Rch4 52. Rf3 R8h7 53. Ree3 Kc7 0-1

[Event "*** Titled Tuesday 3|2 Blitz (Early)"]
[Site "Chess.com"]
[Date "2016.11.01"]
[Round "1"]
[White "Fandorine"]
[Black "KingFlorida"]
[Result "1-0"]
[WhiteElo "2636"]
[BlackElo "2370"]
[TimeControl "180+2"]
[EndTime "11:08:21 PDT"]
[Termination "Fandorine won on time"]

1. e4 Nf6 2. e5 Nd5 3. d4 d6 4.
Nf3 Bg4 5. Be2 c6 6. O-O Bxf3 7. Bxf3 dxe5 8. dxe5 e6 9. Qe2 Nd7 10. c4 Ne7 11. Bf4 Ng6 12. Bg3 Qg5 13. Re1 Bc5 14.
Nc3 O-O 15. Ne4 Qe7 16. Nxc5 Qxc5 17. h4 Ne7 18. Be4 Rfe8 19. h5 Nf5 20. Bxf5 exf5 21. Qd3 Nf8 22. b3 g6 23. hxg6 hxg6 24. Bh4 Nh7 25.
Qg3 Re6 26. Kf1 Rae8 27. f4 Kg7 28. Qf2 Qxf2+ 29. Kxf2 f6 30. Rad1 fxe5 31. Rd7+ Kh6 32. Rh1 1-0

[Event "*** Titled Tuesday 3|2 Blitz (Early)"]
[Site "Chess.com"]
[Date "2016.11.01"]
[Round "1"]
[White "Anton_Demchenko"]
[Black "Drags95"]
[Result "0-1"]
[WhiteElo "2630"]
[BlackElo "2419"]
[TimeControl "180+2"]
[EndTime "11:08:26 PDT"]
[Termination "Drags95 won by resignation"]

1. e4 c5 2. Nf3 d6 3. d4 cxd4 4. Nxd4 Nf6 5. Nc3 a6 6. f3 e5 7. Nb3 Be7 8. Be3 O-O 9. Qd2 Be6 10. O-O-O a5 11. a4 Nc6 12. g4 Nb4 13. g5 Nh5 14.
Rg1 Rc8 15. Kb1 g6 16. Bb5 Qc7 17. Qf2 Nf4 18. Bxf4 exf4 19. Nd4 Qc5 20. h4 Rfd8 21. Qd2 Qe5 22. Rge1 Bf8 23. Nde2 Bg7 24. Qxf4 Ba2+ 25. Kc1 Qxf4+ 26. Nxf4 Bxc3 27. bxc3 Rxc3 28. Bd3 Rdc8 29. Kb2 Nxd3+ 30. cxd3 Rc2+ 31. Ka1 Bb3 32. Nd5 Ra2+ 33. Kb1 Rcc2 34. Ne3 Rcb2+ 35. Kc1 Bxd1 36. Rxd1 Re2 37. Kb1 Rab2+ 38. Kc1 Ra2 39. Kb1 Rxa4 40. Nd5 Raa2 41. f4 a4 42. Nc3 Reb2+ 43. Kc1 Rc2+ 44. Kb1 Rab2+ 45. Ka1 a3 46. Na4 Rb4 47. Rb1 Rxa4 48.
Rxb7 0-1

[Event "*** Titled Tuesday 3|2 Blitz (Early)"]
[Site "Chess.com"]
[Date "2016.11.01"]
[Round "1"]
[White "FearlessKing64"]
[Black "superjem123"]
[Result "0-1"]
[WhiteElo "2154"]
[BlackElo "2504"]
[TimeControl "180+2"]
[EndTime "11:08:28 PDT"]
[Termination "superjem123 won on time"]

1. e4 e5 2. Nf3 Nc6 3. Bc4 Bc5 4.
b4 Bxb4 5. c3 Ba5 6. d4 d6 7.
dxe5 dxe5 8. Qb3 Qf6 9. O-O h6 10. Ba3 Bb6 11. Nbd2 Bd7 12. Bd5 Nge7 13. Nc4 O-O 14.
Bxc6 Bxc6 15. Nfxe5 Rfe8 16. Nxb6 axb6 17. Nxc6 Nxc6 18. f3 Na5 19. Qc2 Nc4 20. Bc1 Red8 21. a4 b5 22. Qb3 c6 23. Ra2 Na5 24. Qb4 Qe6 25. Raf2 bxa4 26. Qxa4 Nc4 27. Qc2 Ra1 28. f4 Qd7 29. f5 Qd3 30. Qb3 b5 31. f6 g6 32.
Bxh6 Rxf1+ 33. Rxf1 Qxe4 34. Qb1 Qe5 0-1

[Event "*** Titled Tuesday 3|2 Blitz (Early)"]
[Site "Chess.com"]
[Date "2016.11.01"]
[Round "1"]
[White "VSERGUEI"]
[Black "YuriyKrykun"]
[Result "1-0"]
[WhiteElo "2578"]
[BlackElo "2290"]
[TimeControl "180+2"]
[EndTime "11:08:29 PDT"]
[Termination "VSERGUEI won by resignation"]

1. d4 Nf6 2. c4 g6 3. Nc3 d5 4. Nf3 Bg7 5. Bg5 Ne4 6. cxd5 Nxg5 7. Nxg5 e6 8. Qd2 exd5 9. Qe3+ Kf8 10. Nf3 c6 11. g3 Nd7 12. Bg2 Nf6 13. O-O Bg4 14. Ne5 h5 15. f4 Bf5 16. Qd2 Kg8 17. e3 Qe7 18. h3 Kh7 19. Kh2 Nd7 20. Rae1 f6 21. Nf3 Be4 22. Nh4 Bxg2 23. Qxg2 f5 24. Nf3 Nf6 25. Ng5+ Kh6 26. Rh1 Rhe8 27. g4 Qd7 28.
gxh5 Nxh5 29. Rhg1 Rg8 30. Na4 b6 31. b3 Bf6 32. Nb2 Bxg5 33. Qxg5+ Kh7 34. Nd3 Rae8 35. Ne5 Qd6 36. Rc1 c5 37. Rg2 Re6 38. Rcg1 Qe7 39.
Nxg6 Qxg5 40. Rxg5 Rgxg6 41. Rxh5+ Kg7 42. Rxf5 Rxg1 43.
Kxg1 Rxe3 44. dxc5 bxc5 45. Rxd5 Re1+ 46. Kf2 Ra1 47. Rd7+ Kf6 48. Rxa7 Kf5 49. Ke3 Re1+ 50. Kd3 Kxf4 51. Kc4 Rc1+ 52. Kd5 Kg3 53. Ra5 Rc2 54. a4 Rc3 55. Rb5 Kxh3 56. a5 Kg4 57. a6 1-0

[Event "*** Titled Tuesday 3|2 Blitz (Early)"]
[Site "Chess.com"]
[Date "2016.11.01"]
[Round "1"]
[White "Keaton87"]
[Black "howitzer14"]
[Result "0-1"]
[WhiteElo "2428"]
[BlackElo "2758"]
[TimeControl "180+2"]
[EndTime "11:08:36 PDT"]
[Termination "howitzer14 won by resignation"]

1. d4 Nf6 2. Nf3 g6 3. Bf4 Bg7 4. e3 O-O 5. Be2 d6 6. O-O Nc6 7. h3 Nd7 8. Bh2 e5 9. c4 exd4 10. exd4 Re8 11. Nc3 Nf6 12. Re1 Bf5 13. Qd2 Ne4 14.
Nxe4 Bxe4 15. d5 Bxf3 16. Bxf3 Nd4 17. Be2 Qf6 18. Bf1 h5 19. Rad1 Nf5 20. b3 b6 21.
Rxe8+ Rxe8 22. Re1 Rxe1 23. Qxe1 Kf8 24. Bd3 Nd4 25.
Qe4 a5 26. Qf4 Qe7 27. Qe4 Qxe4 28. Bxe4 Ne2+ 29. Kf1 Nc3 30. Bc2 Nxa2 31. g4 hxg4 32. hxg4 Nb4 33. Bb1 Na6 34. f4 Bd4 35. Ke2 Nc5 36. Bc2 Ke7 37. g5 Na6 38. Bg3 Nb4 39. Bb1 b5 40. Be1 bxc4 41. Bxb4 axb4 42. bxc4 b3 43. Kd3 Bb2 44. Ke4 Bc1 45. Kf3 Kd8 46. Kg4 Kc8 47. f5 gxf5+ 48. Kxf5 Kb7 49. Kf6 Kb6 50.
Kxf7 Bxg5 51. Ke6 Kc5 52. Kd7 Kxc4 53. Kxc7 Bf4 54. Kc6 b2 0-1

[Event "*** Titled Tuesday 3|2 Blitz (Early)"]
[Site "Chess.com"]
[Date "2016.11.01"]
[Round "1"]
[White "platy3"]
[Black "Ginger_GM"]
[Result "0-1"]
[WhiteElo "2680"]
[BlackElo "2430"]
[TimeControl "180+2"]
[EndTime "11:08:40 PDT"]
[Termination "Ginger_GM won by resignation"]

1. e4 e6 2. d4 d5 3. Nc3 Bb4 4. e5 Ne7 5. a3 Bxc3+ 6. bxc3 c5 7. Qg4 Qc7 8. Qxg7 Rg8 9. Qxh7 cxd4 10. Kd1 dxc3 11.
Nf3 Nbc6 12. Ng5 Qxe5 13. Qxf7+ Kd7 14. f4 Qd4+ 15. Bd3 Kc7 16. Re1 Rxg5 17. fxg5 e5 18.
Be3 Qg4+ 19. Kc1 d4 20. Bf4 Be6 21. Bxe5+ Kd7 22. Qf3 Qxg5+ 23. Bf4 Qc5 24. Re5 Nd5 25. Rxe6 Kxe6 26. Qg4+ Ke7 27. Bg5+ Kd6 28. Qg3+ Ne5 29.
Kd1 Re8 30. Rb1 b6 31. Rb5 Qxa3 32. Bf4 Qa1+ 33. Ke2 a6 34. Qg6+ Kd7 35. Bf5+ Kd8 36. Qd6+ Nd7+ 37. Be6 Rxe6+ 0-1

[Event "*** Titled Tuesday 3|2 Blitz (Early)"]
[Site "Chess.com"]
[Date "2016.11.01"]
[Round "1"]
[White "Alexander_Moskalenko"]
[Black "petrpalachev"]
[Result "1-0"]
[WhiteElo "2708"]
[BlackElo "2418"]
[TimeControl "180+2"]
[EndTime "11:08:47 PDT"]
[Termination "Alexander_Moskalenko won by checkmate"]

1. Nf3 d5 2. c4 d4 3. g3 Nc6 4. Bg2 e5 5. d3 Bb4+ 6. Bd2 a5 7. O-O Nf6 8. e4 Bxd2 9. Nbxd2 O-O 10. h3 Bd7 11.
Kh2 Kh8 12. Ne1 Ne8 13. f4 f6 14. Nef3 Nd6 15. a3 a4 16. Rc1 b6 17. c5 Nb7 18. cxb6 cxb6 19. fxe5 fxe5 20. Nc4 Re8 21. b4 b5 22. Ncd2 Rc8 23. h4 Bg4 24. Bh3 Bxh3 25.
Kxh3 Qd7+ 26. Kg2 h6 27. Ng5 Rf8 28. Qh5 Kg8 29. Rxf8+ Rxf8 30. Nh3 Qe6 31. Nf3 Nbd8 32. Nf2 Qa2 33. Qg6 Qxa3 34. Rxc6 Nxc6 35. Qxc6 Qxb4 36. Qe6+ Kh8 37. Nxe5 Rf6 38. Qe8+ Kh7 39. Nfg4 Qd2+ 40. Kh3 Rf1 41. Qg6+ Kh8 42. Nf7+ Kg8 43. Ngxh6+ Kf8 44. Qd6+ Ke8 45. Qd8# 1-0

[Event "*** Titled Tuesday 3|2 Blitz (Early)"]
[Site "Chess.com"]
[Date "2016.11.01"]
[Round "1"]
[White "jk13"]
[Black "Morshynska"]
[Result "0-1"]
[WhiteElo "2460"]
[BlackElo "2135"]
[TimeControl "180+2"]
[EndTime "11:08:57 PDT"]
[Termination "Morshynska won by resignation"]

1. e4 e5 2. Nf3 Nc6 3. Bc4 Bc5 4. c3 Nf6 5. d3 d6 6. Bb3 a6 7. h3 Ba7 8. Nbd2 Be6 9. Bc2 O-O 10. O-O h6 11. Re1 Re8 12. Nf1 d5 13. Qe2 b5 14.
Rd1 d4 15. Ng3 dxc3 16. bxc3 b4 17. Ba4 Qd6 18. cxb4 Nd4 19. Nxd4 Bxd4 20. Rb1 Reb8 21. a3 a5 22. b5 c6 23. Be3 Bxe3 24. Qxe3 cxb5 25.
Bxb5 Qxa3 26. Ra1 Qd6 27. Ba4 Rb4 28. Ne2 Bb3 29. Bxb3 Rxb3 30. f4 exf4 31. Nxf4 Qe5 32. Qf2 a4 33. Ra2 a3 34. Rda1 Kh7 35. Qd2 Rb2 36. Qc1 Qd4+ 37. Kh1 Qf2 38. Rxa3 Rxa3 39. Rxa3 Rd2 40. e5 Nh5 41. Qg1 Qxf4 42. Qe1 Ng3+ 43. Kg1 Re2 44. Qb1 Qf2+ 0-1

[Event "*** Titled Tuesday 3|2 Blitz (Early)"]
[Site "Chess.com"]
[Date "2016.11.01"]
[Round "1"]
[White "Salem-AR"]
[Black "Gergo85"]
[Result "1-0"]
[WhiteElo "2705"]
[BlackElo "2415"]
[TimeControl "180+2"]
[EndTime "11:09:02 PDT"]
[Termination "Salem-AR won by resignation"]

1. d4 f5 2. c4 Nf6 3. Nc3 d6 4. Bg5 Nbd7 5. Qc2 g6 6. O-O-O Bg7 7. h4 Nf8 8. g3 Ne6 9. Bxf6 Bxf6 10.
e3 c6 11. Bg2 Qa5 12. h5 Bd7 13.
Nge2 O-O-O 14. Kb1 Ng7 15. Nf4 g5 16. h6 gxf4 17.
hxg7 Bxg7 18. gxf4 h5 19. Bh3 Kb8 20. a3 e6 21. Ka2 h4 22. b4 Qc7 23. c5 d5 24. Rb1 Bf6 25. b5 cxb5 26. Nxb5 Bxb5 27. Rxb5 Qc6 28. Rhb1 Rd7 29. Qa4 Ka8 30. Qa5 Bd8 31.
Qd2 Rg8 32. Qb2 Rh8 33. Rb3 Rhh7 34. Bf1 Qc8 35. c6 Qxc6 36. Bb5 Qc8 37. Bxd7 Rxd7 38. Rc3 Rc7 39. Rbc1 Rxc3 40. Qxc3 Qxc3 41. Rxc3 Kb8 42. Rc1 Bc7 43. Rg1 Kc8 44. Rg7 Bd8 45. Kb3 a6 46. Kc2 Bc7 47. Re7 b5 48. Rxe6 Kb7 49.
Rf6 a5 50. Rxf5 Bd6 51. Rxd5 Kc6 52. Rh5 Bxa3 53. f5 a4 54. f6 Bd6 55. f7 b4 56.
Rh6 b3+ 57. Kc3 1-0

[Event "*** Titled Tuesday 3|2 Blitz (Early)"]
[Site "Chess.com"]
[Date "2016.11.01"]
[Round "1"]
[White "Izoria123"]
[Black "Misha_Bilous"]
[Result "1-0"]
[WhiteElo "2567"]
[BlackElo "2273"]
[TimeControl "180+2"]
[EndTime "11:09:06 PDT"]
[Termination "Izoria123 won by checkmate"]

1. Nf3 Nf6 2. c4 g6 3. g3 Bg7 4.
Bg2 O-O 5. O-O d6 6. d4 Nbd7 7. Nc3 e5 8. e3 c6 9. a4 Re8 10.
a5 e4 11. Ng5 d5 12. cxd5 cxd5 13. f3 h6 14. Nxf7 Kxf7 15. fxe4 dxe4 16. Qb3+ Kf8 17.
Nxe4 Qe7 18. Bd2 Qe6 19. d5 Qxe4 20. Bxe4 Rxe4 21. d6 Nc5 22. Qc2 Re5 23. Bc3 Rf5 24. Bxf6 Bxf6 25. e4 Bd4+ 26. Kg2 Rxf1 27. Rxf1+ Kg7 28.
e5 Be6 29. b4 Bd5+ 30. Kh3 Ne4 31. Qc7+ Kh8 32. Rf4 Ng5+ 33. Kg4 Ne6 34. Qe7 Nxf4 35. gxf4 h5+ 36. Kg3 Rg8 37. d7 g5 38. d8=Q h4+ 39.
Kg4 Be6+ 40. Kh5 Bf7+ 41. Kh6 gxf4 42. Qf6# 1-0

[Event "*** Titled Tuesday 3|2 Blitz (Early)"]
[Site "Chess.com"]
[Date "2016.11.01"]
[Round "1"]
[White "SCIM"]
[Black "Chopper1905"]
[Result "0-1"]
[WhiteElo "2304"]
[BlackElo "2570"]
[TimeControl "180+2"]
[EndTime "11:09:21 PDT"]
[Termination "Chopper1905 won by resignation"]

1. e4 c5 2. Nf3 e6 3. d3 Nc6 4. Nbd2 g6 5. g3 Bg7 6. Bg2 d5 7. O-O Nge7 8. c3 O-O 9. Qe2 b5 10. Nb3 c4 11. dxc4 dxc4 12. Nbd4 a6 13. Bg5 Bb7 14. e5 Qc7 15. Nxc6 Bxc6 16. Rfe1 Rad8 17. h4 h6 18. Be3 Qb7 19. a4 bxa4 20. Bc5 Rfe8 21. h5 g5 22. Rad1 Bd5 23. Bxe7 Rxe7 24. Rd2 Red7 25. Qe3 g4 26. Nh4 Bxg2 27. Rxd7 Rxd7 28.
Nxg2 Qxb2 29. Qc5 Rd8 30. Qc7 Qd2 31. Qxc4 a3 32. Ra1 Qb2 33. Qa2 Qxa2 34. Rxa2 Bf8 35. Ne3 Rb8 36. Nc4 Rb3 37. Nd6 Rxc3 38. Kg2 Bg7 39. Ne4 Rb3 40. Nc5 Rb5 41. Nxa6 Bf8 42. Nc7 Rb2 43. Ra1 Bc5 44. Ne8 Rxf2+ 45. Kh1 a2 46.
Nf6+ Kg7 47. Ne4 Bd4 0-1

[Event "*** Titled Tuesday 3|2 Blitz (Early)"]
[Site "Chess.com"]
[Date "2016.11.01"]
[Round "1"]
[White "dhanushbharadwaj"]
[Black "BillieKimbah"]
[Result "0-1"]
[WhiteElo "2293"]
[BlackElo "2576"]
[TimeControl "180+2"]
[EndTime "11:09:22 PDT"]
[Termination "BillieKimbah won by resignation"]

1. Nf3 Nf6 2. c4 b6 3. g3 Bb7 4. Bg2 c5 5. O-O g6 6. Nc3 Bg7 7. d4 cxd4 8. Qxd4 d6 9. Rd1 Nbd7 10.
Rb1 O-O 11. Qh4 Rc8 12. b3 a6 13. Bh6 b5 14. Bxg7 Kxg7 15. Nd5 Nxd5 16. cxd5 Rc2 17. Nd4 Rxa2 18. Nc6 Bxc6 19. dxc6 Nf6 20. e4 Qb6 21. Qf4 e5 22. Qe3 Qxc6 23. Rbc1 Qd7 24. Qb6 Rc8 25.
Rxc8 Qxc8 26. Qxd6 Qc2 27. Rf1 Qc3 28. b4 Rd2 29. Qxa6 Qxb4 30. Qb6 h5 31. h3 Rd6 32.
Qc7 Qd4 33. Rb1 b4 34. Kh2 Rd7 35. Qc2 Rd6 36. f4 h4 37. f5 hxg3+ 38. Kxg3 Qe3+ 39. Kh2 Rd2 40. Qc4 Qf2 41. Rg1 Ng4+ 42. Kh1 Qg3 43. f6+ Kh6 44. hxg4 Qh4+ 0-1

[Event "*** Titled Tuesday 3|2 Blitz (Early)"]
[Site "Chess.com"]
[Date "2016.11.01"]
[Round "1"]
[White "Bishops83"]
[Black "viditchess"]
[Result "1-0"]
[WhiteElo "2264"]
[BlackElo "2507"]
[TimeControl "180+2"]
[EndTime "11:09:24 PDT"]
[Termination "Bishops83 won by resignation"]

1. e4 c5 2. Nc3 Nc6 3. Bb5 Nd4 4. Nf3 Nxb5 5. Nxb5 d6 6. d4 cxd4 7. Qxd4 Bd7 8. Nc3 e6 9. Bg5 Nf6 10. O-O Be7 11. Rad1 Bc6 12. Rfe1 O-O 13. h3 Rc8 14. Qxa7 b6 15. Qa6 h6 16. Be3 Nd7 17. Qe2 Nc5 18.
Bd4 Qc7 19. Nb5 Qb8 20. e5 dxe5 21. Nxe5 Be8 22. Nc3 Qb7 23. Qg4 f5 24. Qg3 Bf6 25. f4 b5 26. a3 b4 27. axb4 Qxb4 28. Kh1 Bh5 29. Rd2 Rfd8 30. Qe3 Na4 31. Nxa4 Qxa4 32. Bc3 Rxd2 33. Qxd2 Rd8 34. Qe3 Qxc2 35. Nc6 Rd6 36. Qc5 Bxc3 37. Qxd6 Bxe1 38. Qxe6+ Bf7 39. Ne7+ Kf8 40.
Qd6 Ke8 41. Nc6 Qxc6 42. Qxc6+ Ke7 43. Qc5+ Kf6 44. Qd4+ Kg6 45. b4 Be8 46. Qe5 1-0

[Event "*** Titled Tuesday 3|2 Blitz (Early)"]
[Site "Chess.com"]
[Date "2016.11.01"]
[Round "1"]
[White "NTBT_DHS"]
[Black "MFBerna"]
[Result "1/2-1/2"]
[WhiteElo "2503"]
[BlackElo "2171"]
[TimeControl "180+2"]
[EndTime "11:09:24 PDT"]
[Termination "Game drawn by repetition"]

1. d4 d5 2. c4 e6 3. Nf3 Be7 4. g3 Nf6 5. Bg2 O-O 6. O-O c6 7. Qc2 b6 8. Bf4 Bb7 9. cxd5 cxd5 10. Rc1 Nc6 11. a3 Rc8 12. Qd1 Ne4 13. Nbd2 Bf6 14. e3 Nxd2 15. Qxd2 Na5 16. Qd3 Nc4 17. b3 Nd6 18. h4 Ne4 19. Nd2 Nxd2 20. Qxd2 Qd7 21. Bf1 h6 22. h5 Rxc1 23. Rxc1 Rc8 24. Bd3 Be7 25. a4 a5 26. Kg2 Bb4 27. Qd1 Ba3 28. Rc2 Rxc2 29. Bxc2 Ba6 30. Qg4 Kh8 31. Be5 Bf8 32.
Qf4 Kg8 33. Qg4 Qc6 34. Qd1 f6 35. Bf4 Bd6 36. g4 Bxf4 37. exf4 Qc3 38. Bg6 Qb2 39. Qe1 Qe2 40. Qc3 Qxg4+ 41. Kh1 Qd1+ 42. Kh2 Qe2 43. Kg3 Qf1 44. Qc7 Qg1+ 45. Kf3 Qh1+ 46. Kg3 Qg1+ 47.
Kf3 Qh1+ 48. Kg3 Qg1+ 49. Kf3 Qh1+ 1/2-1/2

[Event "*** Titled Tuesday 3|2 Blitz (Early)"]
[Site "Chess.com"]
[Date "2016.11.01"]
[Round "1"]
[White "Usurpov"]
[Black "Matibar"]
[Result "0-1"]
[WhiteElo "2264"]
[BlackElo "2557"]
[TimeControl "180+2"]
[EndTime "11:09:36 PDT"]
[Termination "Matibar won by resignation"]

1. e4 g6 2. d4 Bg7 3. Nc3 a6 4. f4 b5 5. Nf3 Bb7 6. Bd3 d6 7.
Qe2 Nd7 8. a4 b4 9. Nb1 Ngf6 10.
O-O O-O 11. Nbd2 e6 12. c3 a5 13. cxb4 axb4 14. Nb3 d5 15. e5 Ne4 16. Nbd2 f5 17. exf6 Ndxf6 18. Ne5 c5 19. Nxe4 dxe4 20. Bc4 cxd4 21. Bxe6+ Kh8 22. Nf7+ Rxf7 23. Bxf7 e3 24. Bc4 Qd6 25. a5 Rd8 26. a6 Ba8 27. Bd3 Nd5 28.
Qg4 b3 29. f5 Nf6 30. Qh3 g5 31. Qg3 Qxg3 32. hxg3 Ng4 33. Be2 Ne5 34. Rd1 Bf6 35. Kf1 d3 36. Bxe3 dxe2+ 37. Kxe2 Re8 38. Bd4 Bxg2 39.
Kf2 Ba8 40. Bc3 Ng4+ 41. Kg1 Bxc3 42. bxc3 Kg7 43. a7 Re2 44. Rd7+ Kf6 45. Ra6+ Kxf5 46. Rf7+ Ke4 47. Re7+ Ne5 48. Rae6 b2 49. Rxe5+ Kf3 50. Rf7+ Kxg3 51. Rxe2 b1=Q+ 52. Rf1 Qb7 53. Re3+ Kg4 54. Kf2 Qxa7 55. Rg1+ Kf4 0-1